 Dungeon Crawl Stone Soup version 0.27-a0-1555-g0e7b3fb1d2 (webtiles) character file.

Game seed: 3799341560615405704

51 Zonian the Magician (level 3, -1/24 HPs)
             Began as a Demonspawn Hedge Wizard on July 15, 2021.
             Slain by a hobgoblin (2 damage)
             ... on level 2 of the Dungeon.
             The game lasted 00:03:42 (2838 turns).

Zonian the Magician (Demonspawn Hedge Wizard)       Turns: 2838, Time: 00:03:43

Health: -1/24      AC:  3    Str: 10    XL:     3   Next: 57%
Magic:  6/8        EV: 12    Int: 16    God:
Gold:   47         SH:  0    Dex: 14    Spells: 6/9 levels left

rFire    . . .     SeeInvis .   a - +0 dagger
rCold    . . .     Faith    .   (no shield)
rNeg     . . .     Spirit   .   f - +0 leather armour
rPois    .         Reflect  .   c - +0 hat
rElec    .         Harm     .   (no cloak)
rCorr    .         Rampage  .   (no gloves)
Will     .....                  (no boots)
Stlth    +++.......             (no amulet)
HPRegen  0.08/turn              (no ring)
MPRegen  0.11/turn              (no ring)

@: no status effects
A: thin skeletal structure 1
a: no special abilities


You were on level 2 of the Dungeon.
You visited 1 branch of the dungeon, and saw 2 of its levels.

You collected 47 gold pieces.

Inventory:

Hand Weapons
 a - a +0 dagger (weapon)
Armour
 b - a +0 robe
 c - a +0 hat (worn)
 f - a +0 leather armour (worn)
Scrolls
 h - a scroll of identify
Potions
 d - 2 potions of haste
 e - a potion of cancellation
 g - 2 potions of lignification


   Skills:
 + Level 0.2 Fighting
 + Level 0.9 Short Blades
 + Level 0.8 Armour
 + Level 2.1 Dodging
 + Level 2.0 Stealth
 + Level 3.6 Spellcasting
 + Level 1.2 Conjurations
 + Level 1.0 Summonings
 + Level 0.8 Translocations


You had 6 spell levels left.
You knew the following spells:

 Your Spells              Type           Power      Damage    Failure   Level
a - Magic Dart            Conj           24%        1d4       14%         1
b - Blink                 Tloc           N/A        N/A       26%         2

Your spell library contained the following spells:

 Spells                   Type           Power      Damage    Failure   Level
 Call Imp                 Summ           6%         N/A       24%         2
 Slow                     Hex            2%         N/A       36%         2
 Conjure Flame            Conj/Fire      4%         6-21      50%         3
 Mephitic Cloud           Conj/Pois/Air  4%         N/A       52%         3
 Conjure Ball Lightning   Conj/Air       2%         3x3d6     100%        6
 Discord                  Hex            1%         N/A       100%        8
 Disjunction              Tloc           2%         N/A       100%        8


Dungeon Overview and Level Annotations

Branches:
Dungeon (2/15)

Altars:


Innate Abilities, Weirdness & Mutations

You have a somewhat thin skeletal structure. (Dex +2, Stealth+)


Message History

h - 2 scrolls of identify (gained 1)
g - 2 white potions (gained 1)
As you read the scroll of identify, it crumbles to dust.
g - 2 potions of lignification Unknown command.
A hobgoblin comes into view. It is wielding a +0 quarterstaff.
A hobgoblin is nearby!
Unknown command.
You closely miss the hobgoblin. The hobgoblin barely misses you.
You hit the hobgoblin.
The hobgoblin is severely wounded.
The hobgoblin hits you with a +0 quarterstaff.
You hit the hobgoblin but do no damage.
The hobgoblin is severely wounded.
The hobgoblin hits you with a +0 quarterstaff!
You are too injured to fight recklessly!
You are too injured to fight recklessly!
Unknown command.
Casting: Magic Dart (safe; 14% risk of failure)
Confirm with . or Enter, or press ? or * to list all spells.
Aiming: Magic Dart (safe; 14% risk of failure)
Press: ? - help, Shift-Dir - straight line, f - hobgoblin
Aim: a hobgoblin, wielding a +0 quarterstaff (severely wounded, 100% to hit)
The magic dart hits the hobgoblin.
The hobgoblin is almost dead.
The hobgoblin hits you with a +0 quarterstaff!
* * * LOW HITPOINT WARNING * * *
Casting: Magic Dart (safe; 14% risk of failure)
Confirm with . or Enter, or press ? or * to list all spells.
Okay, then.
Okay, then.
Casting: Magic Dart (safe; 14% risk of failure)
Confirm with . or Enter, or press ? or * to list all spells.
Aiming: Magic Dart (safe; 14% risk of failure)
Press: ? - help, Shift-Dir - straight line, f/p - hobgoblin
Aim: a hobgoblin, wielding a +0 quarterstaff (almost dead, 100% to hit)
The magic dart hits the hobgoblin but does no damage.
The hobgoblin is almost dead.
The hobgoblin hits you with a +0 quarterstaff.
You die...

# #..............#
###.####.#.#..#.......#
.......................
###.(....######.#.#...#
................#.#....
.#######.##.....#....##
#...# ###+#.#....
####g..#.# ........
#..@.....# ......###
#........#.......
#........'.....#.
#.......##....(#.
###+.....#.. # ###
#.....# ##.##<##
#....... #..h...##
#....#... #....h..#
.....#...


You could see a hobgoblin.

Vanquished Creatures
  2 adders (D:2)
  A dart slug (D:1)
  3 giant cockroaches (D:1)
  3 goblins
  3 hobgoblins
  4 jackals (D:1)
  A kobold (D:1)
  3 ball pythons
  3 bats (D:1)
  3 frilled lizards
  5 rats
31 creatures vanquished.

Notes
Turn   | Place    | Note
-------+----------+-------------------------------------------
     0 | D:1      | Zonian the Demonspawn Hedge Wizard began the quest for the
                  | Orb.
     0 | D:1      | Reached XP level 1. HP: 13/13 MP: 4/4
   435 | D:1      | Gained mutation: You have a somewhat thin skeletal
                  | structure. (Dex +2, Stealth+) [demonic ancestry]
   435 | D:1      | Reached XP level 2. HP: 13/19 MP: 3/6
  2345 | D:1      | Learned a level 2 spell: Blink
  2378 | D:2      | Reached XP level 3. HP: 15/24 MP: 2/8
  2837 | D:2      | HP: 1/24 [hobgoblin (10)]
  2838 | D:2      | Slain by a hobgoblin

Illustrated notes

Levels and vault maps discovered:
D:1:      dpeg_arrival_houses_and_road, layout_loops_ring, minmay_pentomino_w4
D:2:      layout_basic, hellmonk_ecumenical_altar_slurped_away,
          minmay_large_rounded_square

Skill      XL: |  1  2  3 |
---------------+----------+-----
Dodging        | 2 |  2.1
Stealth        | 2 |  2.0
Fighting       | |  0.2
Short Blades   | |  0.9
Armour         | |  0.8
Spellcasting   | |  3.6
Conjurations   | |  1.2
Summonings     | |  1.0
Translocations | |  0.8

Action                   || total
-------------------------++-------
Melee: Dagger            ||    92
 Cast: Magic Dart        ||    42
  Use: Scroll            ||     4
 Stab: Sleeping          ||     2
Armor: Robe              ||     4
       Leather armour    ||    24
Dodge: Dodged            ||    76

Table legend: (Time is in decaauts)
 A = Elapsed time spent in this place.
 B = Non-inter-level travel time spent in this place.
 C = Inter-level travel time spent in this place.
 D = Time resting spent in this place.
 E = Time spent auto-exploring this place.
 F = Levels seen in this place.
 G = Mean time per level.
                   A        B        C        D        E       F      G
               +--------+--------+--------+--------+--------+-----+--------+
         Total |   2839 |   2753 |     86 |   1797 |    629 |   2 | 1419.5 |
       Dungeon |   2839 |   2753 |     86 |   1797 |    629 |   2 | 1419.5 |
               +--------+--------+--------+--------+--------+-----+--------+

Top non-repeatable levels by time:
     D:1: 2646 daAuts
     D:2: 193 daAuts
